 Dungeon Crawl Stone Soup version 0.22-a0-603-gfc1114d (webtiles) character file.

21245 VincentAMV the Basher (level 13, -1/104 HPs)
             Began as a Formicid Fighter on July 7, 2018.
             Was an Elder of the Shining One.
             Killed from afar by a rime drake (20 damage)
             ... with a flash freeze
             ... on level 14 of the Dungeon.
             The game lasted 00:56:55 (12789 turns).

VincentAMV the Basher (Formicid Fighter)           Turns: 12789, Time: 00:56:55

Health: -1/104     AC: 28    Str: 30    XL:     13   Next: 18%
Magic:  13/13      EV:  8    Int:  9    God:    the Shining One [****..]
Gold:   654        SH: 13    Dex: 10    Spells: 12/12 levels left

rFire    . . .     SeeInvis +   k - +2 flail (protect)
rCold    . . .     Gourm    .   c - +0 shield
rNeg     + + .     Faith    .   w - +0 plate armour
rPois    .         Spirit   .   (helmet unavailable)
rElec    .         Reflect  .   y - +2 cloak
rCorr    .         Harm     .   o - +0 pair of gloves
MR       +....                  (no boots)
Stlth    ..........             (no amulet)
HPRegen  0.27/turn              p - +5 ring of strength
MPRegen  0.13/turn              j - +2 ring of protection

@: protection aura, glowing
A: permanent stasis, dig shafts and tunnels, four strong arms, antennae 3
a: Dig, Shaft Self, Divine Shield, Cleansing Flame, Renounce Religion


You were on level 14 of the Dungeon.
You worshipped the Shining One.
The Shining One was greatly pleased with you.
You were not hungry.

You visited 2 branches of the dungeon, and saw 15 of its levels.

You collected 878 gold pieces.
You spent 224 gold pieces at shops.

Inventory:

Hand Weapons
 k - a +2 flail of protection (weapon)
 l - a +1 scimitar of flaming
 x - a +0 halberd
 A - a +0 battleaxe
 H - a +0 dire flail
Missiles
 m - 21 tomahawks (quivered)
Armour
 c - a +0 shield (worn)
 o - a +0 pair of gloves (worn)
 w - a +0 plate armour (worn)
 y - a +2 cloak (worn)
 F - a +2 ring mail of fire resistance
Jewellery
 j - a +2 ring of protection (right hand)
 p - a +5 ring of strength (left hand)
 v - an uncursed ring of protection from magic
 I - an uncursed ring of resist corrosion
Wands
 a - a wand of paralysis (20)
 g - a wand of polymorph (19)
 i - a wand of disintegration (11)
 r - a wand of digging (5)
 u - a wand of iceblast (8)
 C - a wand of flame (30)
Scrolls
 e - 2 scrolls of amnesia
 s - 3 scrolls of remove curse
 B - a scroll of fog
Potions
 b - 8 potions of curing
 h - 5 potions of brilliance
 n - 3 potions of lignification
 q - a potion of might
 z - a potion of agility
 D - a potion of invisibility {unknown}
 E - 2 potions of cancellation
 G - a potion of resistance {unknown}
 J - a potion of flight {unknown}
Miscellaneous
 K - a crystal ball of energy
Comestibles
 f - 20 rations


   Skills:
 * Level 10.7 Fighting
 * Level 13.8 Maces & Flails
 + Level 9.9 Armour
 - Level 0.3 Dodging
 + Level 11.5 Shields
 + Level 0.2 Evocations


You had 12 spell levels left.
You didn't know any spells.
Your spell library contained the following spells:

 Spells                   Type           Power        Failure   Level  Hunger
 Cause Fear               Hex            #.........   100%        4    #####..
 Slow                     Hex            #.......     99%         2    ###....
 Corona                   Hex            #......      96%         1    ##.....
 Portal Projectile        Hex/Tloc       #.....       100%        3    ####...
 Leda's Liquefaction      Hex/Erth       #.........   100%        4    #####..
 Inner Flame              Hex/Fire       #.......     100%        3    ####...


Dungeon Overview and Level Annotations

Branches:
Dungeon (14/15)            Temple (1/1) D:6            Lair (0/6) D:10
    Orc (0/2) D:12
 Vaults: D:13-14

Altars:
Ashenzari
Cheibriados
Dithmenos
Elyvilon
Fedhas
Gozag
Hepliaklqana
Kikubaaqudgha
Makhleb
Nemelex Xobeh
Okawaru
Qazlal
Ru
Sif Muna
Trog
Uskayaw
Vehumet
Wu Jian
Xom
Yredelemnul
Zin
The Shining One

Shops:
D:13 !

Portals:
Ice
Cave: D:14

Annotations:
D:10 Lair
D:11 Snorg
D:12 Orcish Mines


Innate Abilities, Weirdness & Mutations

You cannot be hasted, slowed, berserked, paralysed or teleported.
You can dig through walls and to a lower floor.
Your four strong arms can wield two-handed weapons with a shield.
You have a pair of large antennae on your head. (SInv)


Message History

You hit the ice dragon.
The ice dragon is severely wounded.
You hit the ice dragon but do no damage.
The ice dragon is severely wounded.
The ice dragon bites you!
The ice dragon claws you but does no damage.
The ice dragon tramples you but does no damage.
You hit the ice dragon.
The ice dragon is severely wounded.
The ice dragon breathes frost at you. The blast of cold hits you!
* * * LOW HITPOINT WARNING * * *
You sock the ice dragon!
The ice dragon is almost dead.
You bludgeon the ice dragon!!
You kill the ice dragon!
You feel better. The rime drake breathes ice at you. The flash freeze hits you!
You die...

#.# #.###..##
#.###..# #.#
#.##..## #.#
#..#
#.####.....##
#.###..#
#...........#
#......#
########...##
#####.##
##...## #.#
#.....########
#.#
##...#.......#
#.#
#####@###...#
#.# ##k## .
... #†## #.
##{# {# {. .##
.. ..


You could see a rime drake.

Vanquished Creatures
  Kirke (D:14)
  2 hydras
  An ice dragon (D:14)
  A death knight (D:13)
  4 two-headed ogres
  A shock serpent (shapeshifter) (D:14)
  3 cyclopes
  3 ugly things
  Maurice (D:10)
  A kobold demonologist (D:11)
  The ghost of iamserjio the Cudgeler, a novice GrFi of Makhleb (D:7)
  An efreet (D:13)
  2 tengu conjurers (D:13)
  A troll (D:10)
  A hornet (D:9)
  3 hippogriffs
  2 shadows (D:12)
  10 yaks
  Sigmund (D:4)
  A vampire (D:12)
  2 hogs (D:14)
  2 hungry ghosts
  A warg (D:10)
  6 orc warriors
  2 black bears
  A necrophage (D:12)
  2 ice beasts
  2 sky beasts
  7 ogres
  2 wolves (D:14)
  3 phantoms
  8 centaurs
  2 crocodiles (D:13)
  2 big kobolds
  9 bullfrogs
  6 scorpions
  A wyvern skeleton (D:9)
  3 killer bees (D:9)
  A howler monkey (D:10)
  5 crimson imps
  3 bullfrog zombies
  5 hounds
  14 orc priests
  11 orc wizards
  5 bullfrog skeletons
  5 jellies
  2 centaur skeletons
  2 iguanas
  13 worker ants
  A hound skeleton (D:9)
  2 howler monkey zombies
  12 adders
  2 oozes (D:3)
  2 worms
  2 dart slugs
  10 leopard geckos
  47 orcs
  4 ball pythons
  5 giant cockroaches
  6 hobgoblins
  3 jackals
  7 quokkas
  5 bats
  5 frilled lizards
  A giant cockroach zombie (D:5)
  3 goblins
  8 kobolds
  A leopard gecko skeleton (D:5)
  A quokka skeleton (D:6)
  5 rats
300 creatures vanquished.

Vanquished Creatures (others)
  A human (D:14)
1 creature vanquished.

Grand Total: 301 creatures vanquished

Notes
Turn   | Place    | Note
-------+----------+-------------------------------------------
     0 | D:1      | VincentAMV the Formicid Fighter began the quest for the Orb.
     0 | D:1      | Reached XP level 1. HP: 18/18 MP: 1/1
   280 | D:1      | Reached XP level 2. HP: 22/24 MP: 2/2
   510 | D:1      | Reached XP level 3. HP: 30/30 MP: 3/3
   619 | D:1      | Found an iron altar of Okawaru.
   898 | D:2      | Found a shattered altar of Ashenzari.
   975 | D:2      | Reached XP level 4. HP: 37/37 MP: 4/4
  1177 | D:2      | Reached skill level 3 in Maces & Flails
  1583 | D:3      | Found a basalt altar of Yredelemnul.
  1930 | D:3      | Reached XP level 5. HP: 36/42 MP: 5/5
  2127 | D:3      | Found a faded altar of an unknown god.
  2256 | D:3      | Found a hazy altar of Hepliaklqana.
  2359 | D:4      | Noticed Sigmund
  2621 | D:4      | Reached skill level 4 in Maces & Flails
  2621 | D:4      | Reached XP level 6. HP: 47/48 MP: 6/6
  2923 | D:4      | Found a shadowy altar of Dithmenos.
  3053 | D:4      | Reached skill level 5 in Shields
  3076 | D:4      | Noticed an ogre
  3127 | D:3      | Killed an ogre
  3127 | D:3      | Reached skill level 5 in Maces & Flails
  3127 | D:3      | Reached XP level 7. HP: 39/55 MP: 7/7
  3357 | D:4      | Killed Sigmund
  3551 | D:5      | Entered Level 5 of the Dungeon
  3583 | D:5      | Reached skill level 5 in Armour
  3583 | D:5      | Reached XP level 8. HP: 59/61 MP: 8/8
  3650 | D:5      | Reached skill level 6 in Maces & Flails
  3841 | D:5      | Reached skill level 5 in Fighting
  4332 | D:6      | Reached skill level 7 in Maces & Flails
  4773 | D:6      | Reached XP level 9. HP: 43/68 MP: 9/9
  4888 | D:6      | Found a staircase to the Ecumenical Temple.
  4904 | Temple   | Entered the Ecumenical Temple
  5089 | Temple   | Became a worshipper of the Shining One
  5264 | D:6      | Found a blossoming altar of Fedhas.
  5351 | D:6      | Found a stormy altar of Qazlal.
  5489 | D:6      | Found a radiant altar of Vehumet.
  5519 | D:6      | Found a shimmering altar of Xom.
  5546 | D:7      | Found a runed door.
  5546 | D:7      | Noticed iamserjio's ghost (novice GrFi)
  5688 | D:7      | Reached skill level 8 in Maces & Flails
  5708 | D:7      | Found a white marble altar of Elyvilon.
  6152 | D:7      | Killed iamserjio's ghost
  6412 | D:8      | Reached XP level 10. HP: 59/76 MP: 10/10
  6435 | D:8      | Reached skill level 9 in Maces & Flails
  6740 | D:8      | Found a hide-covered altar of Uskayaw.
  6740 | D:8      | Found a bloodstained altar of Trog.
  7395 | D:9      | Reached * piety under the Shining One
  8137 | D:9      | Noticed a two-headed ogre
  8147 | D:9      | Found a sparkling altar of Nemelex Xobeh.
  8173 | D:9      | Killed a two-headed ogre
  8173 | D:9      | Reached skill level 10 in Maces & Flails
  8660 | D:10     | Entered Level 10 of the Dungeon
  8661 | D:10     | Found a staircase to the Lair.
  8661 | D:10     | Reached ** piety under the Shining One
  8854 | D:10     | Noticed Maurice
  8886 | D:10     | Killed Maurice
  8886 | D:10     | Reached XP level 11. HP: 84/84 MP: 11/11
  8995 | D:10     | Noticed a white ugly thing
  9033 | D:10     | Killed a white ugly thing
  9208 | D:10     | Reached skill level 11 in Maces & Flails
  9349 | D:10     | Reached skill level 10 in Shields
  9504 | D:11     | Noticed Snorg
  9948 | D:11     | Reached *** piety under the Shining One
 10384 | D:12     | Found a staircase to the Orcish Mines.
 10435 | D:12     | Noticed a cyan ugly thing
 10448 | D:12     | Killed a cyan ugly thing
 10452 | D:12     | Noticed a cyclops
 10452 | D:12     | Noticed a two-headed ogre
 10478 | D:12     | Killed a two-headed ogre
 10487 | D:12     | Killed a cyclops
 10487 | D:12     | Reached XP level 12. HP: 36/95 MP: 12/12
 10797 | D:12     | Reached skill level 12 in Maces & Flails
 11065 | D:12     | Noticed a five-headed hydra
 11092 | D:12     | Killed a five-headed hydra
 11246 | D:12     | Noticed a two-headed ogre
 11254 | D:12     | Killed a two-headed ogre
 11377 | D:13     | Reached **** piety under the Shining One
 11436 | D:13     | Noticed a two-headed ogre
 11448 | D:13     | Killed a two-headed ogre
 11724 | D:13     | Reached skill level 13 in Maces & Flails
 11815 | D:13     | Reached skill level 10 in Fighting
 11986 | D:13     | Noticed a death knight
 12014 | D:13     | Killed a death knight
 12305 | D:13     | Found Xilluuri's Distillery.
 12319 | D:13     | Bought a potion of might for 56 gold pieces
 12319 | D:13     | Bought a potion of heal wounds for 70 gold pieces
 12319 | D:13     | Bought a potion of might for 56 gold pieces
 12319 | D:13     | Bought a potion of curing for 42 gold pieces
 12542 | D:14     | Noticed Kirke
 12563 | D:14     | Killed Kirke
 12563 | D:14     | Reached XP level 13. HP: 99/104 MP: 13/13
 12746 | D:14     | Found a frozen archway.
 12750 | D:14     | Noticed a six-headed hydra
 12751 | D:14     | Noticed an ice dragon
 12765 | D:14     | Killed a six-headed hydra
 12788 | D:14     | Killed an ice dragon
 12789 | D:14     | Killed from afar by a rime drake

Vault maps used:
D:1:      saegor_arrival_under_anarchy, okawaru_ov_weapons_minmay
D:2:      nicolae_overflow_crystal_walls
D:3:      overflow_temple_1_default, yredelemnul_altar_generic,
          chequers_ecumenical_altar_simple
D:4:      lemuel_round_altar, first_ration, uniq_sigmund
D:5:      kennysheep_big_flooded_room, glass_columns_b
D:6:      nicolae_overflow_hidden_temple, lemuel_doored_altar, kennysheep_mini,
          marbit_many_paths, minmay_temple_entry_crystal_x
D:7:      lemuel_crystal_altar, gammafunk_ghost_grave
D:8:      gammafunk_temple_overflow_statue
D:9:      nemelex_xobeh_ov_fountains_minmay
D:10:     erik_lair_orcish_takeover, uniq_maurice
D:11:     uniq_snorg
D:12:     david_orc_3
D:13:     serial_shops, nicolae_shop_trees
D:14:     lightli_vaults_fourway_checkpoint, minmay_tree_intersection,
          portal_ice_cave_entry_animals_and_master, uniq_kirke
Temple:   jpeg_temple_alley_garden

Skill      XL: |  1  2  3  4  5  6  7  8  9 10 11 12 |
---------------+-------------------------------------+-----
Shields        | 4 5 7 8 9 10 11 | 11.5
Maces & Flails | 3 4 5 7 8 10 11 13 | 13.8
Fighting       | 4 5 6 7 9 10 | 10.7
Armour         | 4 5 6 8 9 |  9.9
Dodging        | |  0.3
Evocations     | |  0.2

Action                   |  1- 3 |  4- 6 |  7- 9 | 10-12 | 13-15 || total
-------------------------+-------+-------+-------+-------+-------++-------
Melee: Flail             |    98 |   227 |   346 |   568 |    45 ||  1284
       Dire flail        |       |       |       |   105 |       ||   105
Throw: Tomahawk          |       |       |       |     2 |       ||     2
Evoke: Wand              |       |       |       |     2 |       ||     2
  Use: Scroll            |       |       |       |    22 |       ||    22
       Potion            |       |       |       |     6 |     3 ||     9
  Eat: Chunk             |       |     5 |    10 |    19 |       ||    34
       Ration            |       |     1 |       |     1 |     1 ||     3
Armor: Scale mail        |    43 |    25 |       |       |       ||    68
       Chain mail        |       |    76 |       |       |       ||    76
       Plate armour      |       |     3 |   159 |   239 |    39 ||   440
Dodge: Dodged            |    23 |    80 |    64 |   144 |    21 ||   332
Block: Shield            |    55 |   139 |   206 |   349 |    35 ||   784

Table legend:
 A = Spawn XP
 B = Non-spawn XP
 C = Spawn XP percentage of total XP
 D = Spawn monster count
 E = Non-spawn monster count
 F = Spawn count percentage of total count
 G = Total turns spent on level
                    A         B        C        D         E        F      G
               +---------+---------+-------+---------+---------+-------+---------
         Total |       0 |   30351 |   0.0 |       0 |     300 |   0.0 | 12789
               +---------+---------+-------+---------+---------+-------+---------
           D:1 |       0 |      35 |   0.0 |       0 |      20 |   0.0 |   837
           D:2 |       0 |      76 |   0.0 |       0 |      15 |   0.0 |   971
           D:3 |       0 |     179 |   0.0 |       0 |      22 |   0.0 |   847
           D:4 |       0 |     550 |   0.0 |       0 |      21 |   0.0 |   896
           D:5 |       0 |     825 |   0.0 |       0 |      18 |   0.0 |  1067
           D:6 |       0 |     626 |   0.0 |       0 |      15 |   0.0 |   715
           D:7 |       0 |    1211 |   0.0 |       0 |      15 |   0.0 |   755
           D:8 |       0 |     923 |   0.0 |       0 |      18 |   0.0 |   999
           D:9 |       0 |    2660 |   0.0 |       0 |      29 |   0.0 |  1380
          D:10 |       0 |    2586 |   0.0 |       0 |      29 |   0.0 |  1016
          D:11 |       0 |    3218 |   0.0 |       0 |      33 |   0.0 |   592
          D:12 |       0 |    5859 |   0.0 |       0 |      26 |   0.0 |  1009
          D:13 |       0 |    5620 |   0.0 |       0 |      27 |   0.0 |  1168
          D:14 |       0 |    5983 |   0.0 |       0 |      12 |   0.0 |   306
               +---------+---------+-------+---------+---------+-------+---------
